[Event "Late-Titled-Tuesday-Blitz-March-05-2024"]
[Site "Chess.com"]
[Date "2024.03.05"]
[Round "11"]
[White "MusicCityMaster"]
[Black "SnekkerAndersen"]
[Result "0-1"]
[WhiteElo "2522"]
[BlackElo "2708"]
[TimeControl "180+1"]
[EndTime "16:04:40 PST"]
[Termination "SnekkerAndersen won by resignation"]

1. d4 d5 2. c4 Nf6 3. cxd5 c6 4. dxc6 Nxc6 5. Nf3 Bg4 6. e3 e5 7. Be2 exd4 8. Nxd4 Bb4+ 9. Nc3 Bxe2 10. Qxe2 Qc7 11. Nb5 Qe7 12. a3 Ba5 13. O-O O-O 14. b4 Bb6 15.
Bb2 a6 16. Na4 Bd8 17. Nd4 Nxd4 18. Bxd4 Re8 19. Rac1 Qd7 20. Qc2 Ng4 21. h3 Nh6 22. Rfd1 Qb5 23. Nc3 Qg5 24. Ne4 Qg6 25. Nc5 Qc6 26.
Nb3 Qb5 27. e4 Bg5 28. Rb1 Rac8 29. Qd3 Qxd3 30. Rxd3 Rxe4 31. Bc5 Ree8 32. Rbd1 Bf6 33. Rd7 b5 34. Ra7 Ra8 35. Rxa8 Rxa8 36. Rd7 Bb2 37. Na5 Bxa3 38. Nc6 g6 39. Bd4 Nf5 40. Be5 h5 41. g4 hxg4 42. hxg4 Nh4 43. Ne7+ Kf8 44. Bf6 Ke8 45.
Rb7 Nf3+ 46. Kg2 Nd2 47. Nd5 Kf8 48. Bg5 Ne4 49. Bh6+ Kg8 50. f3 Nd6 51. Nf6+ Kh8 52. Rd7 Bxb4 53. g5 a5 54. Kg3 a4 55. Kf4 a3 56.
Ne4 a2 57. Nxd6 Bxd6+ 58. Rxd6 a1=Q 59. Rf6 Qxf6+ 60. gxf6 Ra4+ 61. Ke3 Kg8 62. Bf4 Rc4 63. Be5 Rc6 64. Kd4 Kf8 65. Kd5 Re6 66. f4 Ke8 67.
Kc5 Kd7 68. Kxb5 Rxe5+ 69. fxe5 Ke6 70. Kc5 Kxe5 71. Kc6 Kxf6 72. Kd5 Kf5 73. Kd4 f6 74. Ke3 g5 75. Kf3 Kg6 76. Kg4 Kf7 77. Kf5 Kg7 78.
Kg4 Kg6 79. Kg3 f5 80. Kf3 Kf6 81. Kg3 f4+ 82. Kf3 Kf5 83. Kg2 g4 84. Kf2 f3 85. Kg3 Kg5 86. Kh2 Kf4 87. Kh1 Ke3 88. Kg1 f2+ 89. Kh2 f1=Q 90. Kg3 Qf3+ 91. Kh4 g3 92. Kh3 Kf4 93. Kh4 Qg2 94. Kh5 Qh2+ 95. Kg6 Ke4 0-1

[Event "Late-Titled-Tuesday-Blitz-March-05-2024"]
[Site "Chess.com"]
[Date "2024.03.05"]
[Round "11"]
[White "SpeedofLight0"]
[Black "Polish_fighter3000"]
[Result "1/2-1/2"]
[WhiteElo "3101"]
[BlackElo "3122"]
[TimeControl "180+1"]
[EndTime "16:05:02 PST"]
[Termination "Game drawn by stalemate"]

1. d4 Nf6 2. Nc3 d5 3. Bf4 a6 4. e3 e6 5. Nf3 c5 6. Bd3 Nc6 7. O-O b5 8. Bg5 Bb7 9. dxc5 Bxc5 10. e4 dxe4 11. Nxe4 Be7 12. Bxf6 gxf6 13. Ng3 h5 14.
Be4 Qc7 15. Nh4 f5 16. Nhxf5 exf5 17. Nxf5 Rd8 18. Qf3 Bf6 19. Rfe1 Kf8 20. Rad1 Rxd1 21. Rxd1 Ne5 22. Qa3+ Kg8 23. Bxb7 Qxb7 24. Qd6 Nf3+ 25. gxf3 Qxf3 26. Qg3+ Qxg3+ 27. hxg3 Bxb2 28. Rd6 a5 29. Rd5 b4 30. Rxa5 Kh7 31. Ne3 Kg6 32. Nd5 h4 33.
Nxb4 hxg3 34. fxg3 Bc3 35. Rb5 Ra8 36. Nd5 Bd4+ 37. Kf1 Rxa2 38. c3 Be5 39. Nf4+ Kf6 40. Ne2 Kf5 41. Rb4 Rc2 42. g4+ Kg5 43. Re4 f6 44. c4 Ra2 45. Kf2 Ra3 46. Ng1 Bg3+ 47. Kg2 Bd6 48. Nf3+ Kg6 49. Re6 Bf4 50. c5 Ra2+ 51.
Kf1 Rc2 52. c6 Kf7 53. Re4 Bd6 54. Nd4 Rc5 55. Ke2 Be5 56. Nf3 Ke6 57. Kd3 Kd5 58.
Nxe5 fxe5 59. g5 Rxc6 60. Rg4 Rg6 61. Ke3 Rg7 62. Rg1 Rg6 63. Kf3 Ke6 64. Kg4 Kf7 65. Kf5 Ra6 66. Rc1 Ra8 67. Rc5 Kg8 68. Rxe5 Rf8+ 69. Kg6 Ra8 70. Re6 Rb8 71. Kh6 Ra8 72.
g6 Rb8 73. Re7 Ra8 74. Rf7 Rb8 75. Rh7 Ra8 76. Rg7+ Kh8 77. Rh7+ Kg8 78. Rf7 Rb8 79. Rf6 Ra8 80. Kg5 Ra5+ 81. Rf5 Ra8 82. Kf6 Rf8+ 83. Kg5 Ra8 84. Re5 Rb8 85. Kf5 Ra8 86.
Re6 Rf8+ 87. Kg5 Ra8 88. Kh6 Rb8 89. g7 Ra8 90. Rf6 Rb8 91. Kg6 Rb6 92. Kg5 Rb5+ 93.
Kg6 Rb6 94. Kg5 Rb7 95. Kh6 Rxg7 96. Rg6 Kh8 97. Rxg7 1/2-1/2

[Event "Late-Titled-Tuesday-Blitz-March-05-2024"]
[Site "Chess.com"]
[Date "2024.03.05"]
[Round "11"]
[White "martinmena"]
[Black "KerryStead"]
[Result "1/2-1/2"]
[WhiteElo "2299"]
[BlackElo "2074"]
[TimeControl "180+1"]
[EndTime "16:05:14 PST"]
[Termination "Game drawn by repetition"]

1. c4 g6 2. g3 Bg7 3. Bg2 c6 4. Nf3 d6 5. O-O e5 6. Nc3 Be6 7. d3 h6 8. e4 Nd7 9. Be3 Qc7 10. Qd2 Ngf6 11. h3 a6 12. b4 b5 13. cxb5 axb5 14.
a4 bxa4 15. Nxa4 g5 16. Nc3 Rxa1 17. Rxa1 O-O 18. h4 g4 19. Ne1 Kh7 20. Ra7 Qb8 21. Ra6 Qxb4 22. Rxc6 Nc5 23. Nd5 Qxd2 24. Bxd2 Ne8 25.
Bb4 Bd7 26. Rb6 Na4 27. Ra6 Bb5 28. Ra5 Bc6 29. Ne7 Bd7 30. Ra7 Bb5 31. Rb7 Bf6 32.
Nd5 Bc6 33. Nxf6+ Nxf6 34. Rc7 Bb5 35. Bxd6 Re8 36. Re7 Rxe7 37. Bxe7 Nd7 38. Bf1 Kg6 39. Bb4 Nac5 40. Bc3 f6 41. f3 gxf3 42. Kf2 Kf7 43. Kxf3 Ke6 44. Ke3 Na4 45. Bb4 Nb2 46. Be2 Na4 47. Nc2 Nac5 48. d4 exd4+ 49. Nxd4+ Kf7 50. Bxb5 Kg6 51. g4 h5 52. Kf4 hxg4 53. Kxg4 Ne5+ 54. Kg3 Nxe4+ 55. Kf4 Nf2 56. Bd2 Nfd3+ 57. Bxd3+ Nxd3+ 58.
Ke3 Nc5 59. Nf3 Ne6 60. Bc3 Kf5 61. Bb2 Ng7 62. Kf2 Nh5 63. Kg2 Kg4 64. Bc1 f5 65. Bh6 Nf6 66. Bg5 Ne4 67. Be7 Kh5 68.
Bd8 Nd6 69. Kh3 Nf7 70. Be7 Kg6 71. Ng5 Ne5 72. Ne6 Kf7 73. h5 Kxe7 74. Ng5 Kf6 75. Kh4 Nf7 76. Nxf7 Kxf7 77. Kg5 Kg7 78. Kxf5 Kh6 79.
Kg4 Kh7 80. Kg5 Kg7 81. h6+ Kh7 82. Kh5 Kh8 83. Kg6 Kg8 84. Kg5 Kh8 85. Kh5 Kg8 86. Kg6 Kh8 87. Kf6 Kg8 88. Kg5 Kh8 89. Kh5 Kh7 90. Kg5 Kh8 1/2-1/2

[Event "Late-Titled-Tuesday-Blitz-March-05-2024"]
[Site "Chess.com"]
[Date "2024.03.05"]
[Round "11"]
[White "WilsonPalencia21"]
[Black "tolimachess"]
[Result "1-0"]
[WhiteElo "2577"]
[BlackElo "2460"]
[TimeControl "180+1"]
[EndTime "16:05:19 PST"]
[Termination "WilsonPalencia21 won by checkmate"]

1. d4 Nf6 2. c4 g6 3. Nf3 Bg7 4.
Nc3 O-O 5. e4 d6 6. Be2 e5 7. O-O Nc6 8. d5 Ne7 9. Ne1 h6 10. Nd3 Nh7 11. c5 f5 12. cxd6 cxd6 13.
Bd2 Bd7 14. f3 f4 15. Rc1 Rc8 16. Qb3 b5 17. Nf2 a6 18. a3 g5 19. Na2 Qb6 20.
Rxc8 Rxc8 21. Rc1 Rxc1+ 22. Nxc1 Nf6 23. h3 h5 24. Kf1 Ng6 25. Qc3 Qb7 26. Nb3 Nh4 27. Na5 Qb6 28. b4 Kf7 29. Be1 Ng6 30.
Nb3 Bf8 31. Nc1 Be7 32. Nfd3 Bd8 33. Bf2 Qb7 34. Nb3 Ne7 35. Na5 Qc7 36. Qxc7 Bxc7 37. Nb3 g4 38. hxg4 hxg4 39. Bh4 gxf3 40. gxf3 Bh3+ 41.
Ke1 Ng6 42. Bf2 Nd7 43. Bf1 Bxf1 44. Kxf1 Bb6 45. Be1 Bd4 46. Kg2 Nb6 47. Nxd4 exd4 48. Bf2 Nc4 49. Bxd4 Nxa3 50. Kf2 Nc4 51. Ke2 Ke7 52. Bg7 Kd7 53. Bh6 Nce5 54. Nxf4 Nh4 55. Bg7 Nhxf3 56. Bxe5 Nxe5 57. Ke3 Kc7 58. Kd4 Kb6 59.
Ne6 Nf3+ 60. Kc3 a5 61. bxa5+ Kxa5 62. Nc7 Kb6 63. Ne8 Kc5 64. Nf6 b4+ 65. Kb3 Nd4+ 66.
Ka4 Kc4 67. Ne8 Nb5 68. e5 dxe5 69. d6 Nc3+ 70. Ka5 Nd5 71. d7 b3 72. d8=Q b2 73. Nd6+ Kc3 74. Qc8+ Kd2 75. Nc4+ Kc1 76. Nxb2+ Kxb2 77. Qc5 Nc3 78. Qxe5 Kb3 79. Kb6 Na4+ 80. Kc6 Nc3 81. Kd6 Kc4 82. Ke7 Nd5+ 83. Ke6 Nb4 84. Qe4+ Kc5 85. Qh7 Nc6 86. Kd7 Ne5+ 87. Kc7 Nc4 88.
Qf5+ Kd4 89. Qf4+ Kd5 90. Qh4 Ne5 91. Qe1 Nd3 92. Qd2 Ke4 93. Kd6 Nf4 94. Qb4+ Kf5 95.
Qd4 Kg4 96. Ke5 Kh3 97. Qxf4 Kg2 98. Qe3 Kh1 99. Qd2 Kg1 100. Kf4 Kh1 101. Kg3 Kg1 102. Qd1# 1-0

[Event "Late-Titled-Tuesday-Blitz-March-05-2024"]
[Site "Chess.com"]
[Date "2024.03.05"]
[Round "11"]
[White "titomagno_64"]
[Black "andrzej"]
[Result "0-1"]
[WhiteElo "2332"]
[BlackElo "2492"]
[TimeControl "180+1"]
[EndTime "16:05:25 PST"]
[Termination "andrzej won by checkmate"]

1. d4 d5 2. c4 e6 3. Nf3 Nf6 4.
g3 dxc4 5. Qa4+ Bd7 6. Qxc4 c5 7. dxc5 Qc7 8. Be3 b6 9. Bg2 bxc5 10. O-O Nc6 11. Nc3 Be7 12. Rac1 O-O 13. Rfd1 Rfc8 14. Bf4 Qb6 15. Bg5 Be8 16. Na4 Qb4 17. a3 Qxc4 18.
Rxc4 Na5 19. Rh4 h6 20. Bd2 Nb3 21. Nc3 Rd8 22. Nb1 Rab8 23. Kf1 Nd5 24. Ke1 Bxh4 25. Nxh4 Nf6 26. Nf3 Nxd2 27. Nfxd2 Rxb2 28. Rc1 Rdb8 29. Nc3 Kf8 30. Nc4 R2b3 31. Nd6 Ke7 32. Nc4 Nd7 33. Na5 R3b5 34. Nc6+ Kd6 35. Nxb8 Rxb8 36. Ne4+ Ke7 37.
Rd1 Nb6 38. Nxc5 Nc4 39. Nd3 Ba4 40. Rc1 Nxa3 41. Rc7+ Ke8 42. Rxa7 Nc2+ 43. Kd2 Bb3 44. Nc5 Rd8+ 45. Kc3 Bd5 46. Bxd5 Rxd5 47. Ra8+ Ke7 48. Nd3 Nd4 49. e3 Nf3 50. Kc4 Rd8 51. Ra7+ Kf8 52. h4 f6 53. Nc5 Rc8 54. Kb5 Re8 55. Nd7+ Kg8 56. Nc5 Ne5 57. Ra6 Kf7 58. Ra7+ Kg8 59. f4 Ng4 60. Ra3 Rc8 61. Kc4 e5 62. Kd5 exf4 63.
exf4 Rd8+ 64. Kc6 Rf8 65. Nd7 Rd8 66. Kd6 Re8 67. Ra7 Kh7 68. Ra4 h5 69. Ra5 Re1 70. Rxh5+ Kg6 71. Ra5 Ne3 72. Kc7 Rc1+ 73. Kd8 Nc4 74.
h5+ Kh7 75. Rc5 Rc2 76. Nf8+ Kg8 77. Ne6 Ne3 78. Rxc2 Nxc2 79. Ke7 Ne1 80. Kd6 Nd3 81. Kd5 Nf2 82. Kd4 Kf7 83. Nc5 Ng4 84. Ke4 Nf2+ 85. Kf3 Nd1 86. Ne4 Nb2 87. Nd6+ Ke6 88. Nc4 Nxc4 89. g4 Nd6 90. g5 Kf5 91. g6 Ne8 92. h6 gxh6 93. g7 Nxg7 94. Kg3 h5 95. Kh4 Kxf4 96.
Kh3 Kg5 97. Kg3 f5 98. Kh3 f4 99. Kg2 Nf5 100. Kf3 Nd4+ 101. Kg2 Kg4 102. Kf2 f3 103. Kg1 Kg3 104. Kf1 Nf5 105. Kg1 Ne3 106. Kh1 Ng4 107. Kg1 f2+ 108. Kh1 f1=Q# 0-1

[Event "Late-Titled-Tuesday-Blitz-March-05-2024"]
[Site "Chess.com"]
[Date "2024.03.05"]
[Round "11"]
[White "Abund"]
[Black "lefonghua"]
[Result "1/2-1/2"]
[WhiteElo "2784"]
[BlackElo "2608"]
[TimeControl "180+1"]
[EndTime "16:05:52 PST"]
[Termination "Game drawn by 50-move rule"]

1. e4 c5 2. Nf3 g6 3. c3 Nc6 4. d4 d5 5. dxc5 dxe4 6. Qxd8+ Nxd8 7. Ng5 Nf6 8. Nd2 Bf5 9. Bb5+ Nc6 10. f3 exf3 11.
Ngxf3 Bd7 12. O-O Bg7 13. Re1 O-O 14. Nb3 a6 15. Bc4 Bg4 16. Nfd4 Nxd4 17. cxd4 e6 18.
Bf4 Rfd8 19. Rac1 Bf5 20. Rcd1 Be4 21. Bg5 Bd5 22. Na5 h6 23. Bf4 Bxc4 24. Nxc4 Nd5 25. Bd6 Bf8 26. Be5 Bg7 27. Bd6 Bf8 28. Bg3 Bg7 29. a3 Rac8 30. Nd6 Rc7 31. Rd3 Bf8 32.
Ne4 Rcd7 33. Red1 f5 34. Nd6 Bxd6 35. Bxd6 Kf7 36. Be5 Nf6 37. h3 h5 38. Bxf6 Kxf6 39.
Kf2 g5 40. b4 h4 41. Ke3 Rd5 42.
R1d2 e5 43. dxe5+ Rxe5+ 44. Kf2 Rde8 45. Rd6+ R5e6 46. Rd7 R8e7 47. Rd8 Re3 48. Rf8+ Kg7 49. Rxf5 Kg6 50. Rf3 Rxf3+ 51. Kxf3 Kf5 52. Rd5+ Kf6 53. Rd6+ Kf5 54. Rd5+ Kf6 55. Rd6+ Kf5 56. Rb6 Rd7 57. Ke3 Re7+ 58. Kd2 Kf4 59. Rg6 Rd7+ 60. Ke2 Re7+ 61. Kf2 Rd7 62. Rf6+ Ke4 63. Rf3 Rd2+ 64. Kg1 Ra2 65.
Kh2 Ra1 66. Rf7 Rxa3 67. Rxb7 Rc3 68. Rb6 Rc4 69. Rxa6 Rxb4 70. Rg6 Kf5 71. Rd6 Rc4 72. Rd5+ Kf4 73. Kg1 Rc2 74. Kh2 Rc1 75. Rd8 Rxc5 76.
Rf8+ Rf5 77. Rb8 Re5 78. Rb4+ Re4 79. Rb5 Re5 80. Rb3 Re3 81. Rb5 Re5 82. Rb8 Kf5 83. Rf8+ Kg6 84. Kg1 Re2 85. Kf1 Ra2 86. Re8 Kf6 87. Rc8 Kg6 88. Rc5 Kf6 89. Rb5 Kg6 90. Rb3 Kh5 91. Rb6 Rc2 92. Kg1 Ra2 93.
Rc6 Rb2 94. Kh2 Ra2 95. Rb6 Rc2 96. Ra6 Rb2 97. Re6 Rc2 98. Rb6 Ra2 99. Kh1 Rc2 100. Kg1 Ra2 101. Kf1 Rc2 102. Rf6 Ra2 103. Rc6 Rb2 104.
Rc8 Ra2 105. Rh8+ Kg6 106. Rg8+ Kh6 107. Rb8 Kh5 108. Rb4 Kg6 109. Rb3 Kh5 110. Kg1 Rc2 111. Ra3 Rb2 112. Ra1 Rc2 113. Rf1 Rb2 114. Rf8 Rc2 115. Rh8+ Kg6 116. Rg8+ Kh5 117. Ra8 Rb2 118. Kf1 Kg6 119. Ra4 Kh5 120. Rg4 Rc2 121. Ke1 Rb2 122. Kd1 Ra2 123. Ke1 Rb2 124.
Kf1 Ra2 125. Rc4 Rb2 1/2-1/2

[Event "Late-Titled-Tuesday-Blitz-March-05-2024"]
[Site "Chess.com"]
[Date "2024.03.05"]
[Round "11"]
[White "Pachonpower"]
[Black "Sjakkerntobi"]
[Result "1/2-1/2"]
[WhiteElo "2315"]
[BlackElo "2480"]
[TimeControl "180+1"]
[EndTime "16:06:07 PST"]
[Termination "Game drawn by stalemate"]

1. e4 e5 2. Nf3 d6 3. d4 Nd7 4.
dxe5 dxe5 5. Nc3 Ngf6 6. Bc4 Be7 7. O-O O-O 8. Re1 c6 9. Nh4 Nb6 10. Qxd8 Rxd8 11. Bd3 Nxe4 12. Rxe4 f5 13. Nxf5 Bxf5 14. Re3 Bxd3 15. cxd3 Bf6 16. Ne4 Nd5 17. Rf3 Be7 18. Bd2 Bb4 19. Rd1 Bxd2 20. Rxd2 Nb4 21. a3 Nd5 22. g3 a5 23. Kg2 b6 24. Rc2 c5 25.
Ng5 Rd7 26. Re2 Re8 27. Ne4 h6 28. Nc3 Nxc3 29. bxc3 Rd5 30. Rfe3 Kf7 31. d4 cxd4 32. cxd4 Kf6 33. dxe5+ Rexe5 34. Rf3+ Ke6 35. Rb2 b5 36.
Rc3 Rc5 37. Rf3 Rc4 38. Rf8 Rcc5 39. h4 Rf5 40. Re8+ Kf7 41. Ra8 a4 42. Rd2 Rc7 43.
Ra5 Kg6 44. f3 Rc3 45. Rd6+ Kh7 46. f4 Rxa3 47. Rb6 Rb3 48. Kh3 Rc5 49. Kg4 a3 50.
Rb7 h5+ 51. Kh3 Rcc3 52. Rbxb5 Rxg3+ 53. Kh2 Rxb5 54. Rxb5 Rg4 55. Rxh5+ Kg6 56. Ra5 Rxf4 57. Kg3 Rf5 58. Rxa3 Kh5 59. Re3 Rc5 60. Rf3 g6 61. Re3 Rb5 62. Rd3 Ra5 63. Rc3 Re5 64.
Rd3 Kh6 65. Kf4 Ra5 66. Kg4 Ra4+ 67. Kh3 Kg7 68. Rd6 Kh6 69. Rd5 Re4 70. Kg3 Kg7 71. Kh3 Kf7 72. Kg3 Ke6 73. Rg5 Kf6 74. Rb5 Re3+ 75.
Kf4 Rc3 76. Rb6+ Kg7 77. Kg5 Rc5+ 78. Kg4 Kh6 79. Rb4 Rd5 80. Re4 Rd1 81. Kh3 Rf1 82.
Re5 Rf3+ 83. Kg4 Ra3 84. Rb5 Ra4+ 85. Kh3 Re4 86. Kg3 Kg7 87. Rb6 Re5 88. Kf4 Rc5 89. Kg4 Kh6 90. Rb4 Rc1 91. Rb5 Rg1+ 92. Kh3 Rh1+ 93. Kg4 Rg1+ 94. Kh3 Ra1 95. Rd5 Ra3+ 96. Kg4 Ra4+ 97. Kh3 Rf4 98. Re5 Rf1 99. Kg2 Rf8 100. Kg3 Kg7 101. Kg4 Kf6 102. Rb5 Ra8 103. h5 Ra4+ 104.
Kg3 gxh5 105. Rxh5 Kg6 106. Rb5 Rd4 107. Kf3 Kf6 108. Ke3 Rh4 109. Kf3 Ke6 110. Kg3 Rc4 111. Kf3 Kd6 112. Ke3 Kc6 113. Rh5 Rc1 114. Kd3 Rg1 115. Ke2 Kd6 116. Kf3 Ra1 117. Ke4 Ke6 118. Rh6+ Kf7 119. Kf5 Kg7 120. Rb6 Ra7 121. Kg5 Ra5+ 122. Kf4 Rd5 123. Kg4 Rc5 124. Kf4 Kf7 125. Ke4 Ke7 126. Kd4 Rh5 127. Ke4 Kd7 128. Kf4 Kc7 129. Rg6 Kd7 130. Kg4 Rb5 131. Rg5 Rb4+ 132. Kf5 Ke7 133. Rg6 Kf7 134. Ra6 Rb5+ 135. Ke4 Ke7 136. Kd4 Rg5 137. Ke4 Kd7 138. Kf4 Rb5 139. Ke4 Kc7 140. Rh6 Kd8 141. Kd4 Rg5 142. Rh7 Rg1 143. Ke5 Ke8 144. Kf6 Rf1+ 145. Ke6 Kf8 146. Ke5 Kg8 147. Ra7 Re1+ 148. Kf6 Rb1 149. Kg6 Rg1+ 150. Kf6 Kh8 151. Rb7 Rg7 152. Rxg7 1/2-1/2